 Dungeon Crawl Stone Soup version 0.29-a0-275-g389c0b56f3 (webtiles) character file.

Game seed: 17602328165561534154

2711 bande the Chopper (level 9, -1/55 HPs)
             Began as a Gargoyle Fighter on Mar 11, 2022.
             Was a Believer of Okawaru.
             Slain by an orc knight
             ... wielding a +0 bardiche
              (24 damage)
             ... in a bailey.
             The game lasted 00:14:41 (8058 turns).

bande the Chopper (Gargoyle Fighter)                Turns: 8058, Time: 00:14:41

Health: -1/55      AC: 30    Str: 21    XL:     9   Next: 66%
Magic:  11/11      EV:  6    Int: 14    God:    Okawaru [**....]
Gold:   431        SH:  5    Dex: 13    Spells: 8/8 levels left

rFire   . . .      SeeInvis .   a - +0 war axe (protect)
rCold   . . .      Faith    +   c - +0 buckler
rNeg    + . .      Spirit   .   F - +0 plate armour
rPois   ∞          Reflect  .   (no helmet)
rElec   +          Harm     .   (no cloak)
rCorr   .          Rampage  .   x - +0 pair of gloves
Will    .....                   f - +1 pair of boots
Stlth   ..........              t - amulet of faith
HPRegen 0.18/turn               k - +6 ring of intelligence
MPRegen 0.12/turn               (no ring)

@: mighty, under a protective aura
A: sickness immunity, AC +6, negative energy resistance 1, electricity
resistance, torment resistance 1, petrification resistance, mutation resistance
1, wild magic 1
a: Renounce Religion, Heroism


You were in a bailey.
You worshipped Okawaru.
Okawaru was pleased with you.
You visited 2 branches of the dungeon, and saw 8 of its levels.
You also visited: Sewer and Bailey.

You collected 431 gold pieces.

Inventory:

Hand Weapons
 a - a +0 war axe of protection (weapon)
 v - the +5 mace of True Grit {vorpal, rN+ Int+7}
   (You found it on level 4 of the Dungeon)

   It inflicts extra damage upon your enemies.
   Int:       It affects your intelligence (+7).
   rN:        It protects you from negative energy.
 y - a +0 spectral war axe
Missiles
 m - 2 throwing nets (quivered)
Armour
 c - a +0 buckler (worn)
 f - a +1 pair of boots (worn)
 x - a +0 pair of gloves (worn)
 F - a +0 plate armour (worn)
Jewellery
 k - a +6 ring of intelligence (left hand)
 r - a ring of magical power
 t - an amulet of faith (around neck)
Wands
 j - a wand of iceblast (13)
 q - a wand of paralysis (5)
Scrolls
 g - 2 scrolls of fear
 h - 2 scrolls of enchant armour
 i - a scroll of identify
 o - 3 scrolls of teleportation
 w - 2 scrolls of blinking
 z - 2 scrolls of amnesia
Potions
 b - 3 potions of heal wounds
 d - a potion of might
 e - a potion of brilliance
 l - a potion of flight {unknown}
 n - a potion of cancellation {unknown}
 p - 2 potions of invisibility
 s - a potion of curing {unknown}
 u - a potion of lignification {unknown}
 A - 3 potions of haste
 B - a potion of berserk rage {unknown}
 C - a potion of magic {unknown}
 D - a potion of mutation
 E - a potion of resistance {unknown}


   Skills:
 + Level 5.8 Fighting
 + Level 7.7 Axes
 + Level 6.6 Armour
 + Level 5.6 Shields
 * Level 3.3 Invocations
 * Level 4.2 Evocations


You had 8 spell levels left.
You didn't know any spells.
Your spell library contained the following spells:

 Spells                   Type           Power      Damage    Failure   Level
 Freeze                   Ice            0%         1d3       100%        1
 Frozen Ramparts          Ice            0%         1d2       100%        3
 Hailstorm                Conj/Ice       0%         3d3       100%        4
 Ice Form                 Ice/Tmut       0%         N/A       100%        4
 Simulacrum               Ice/Necr       Unusable   N/A       N/A         6

Dungeon Overview and Level Annotations

Branches:
Dungeon (7/15)             Temple (1/1) D:6           Sewer (visited)
 Bailey (1/1)

Altars:
Ashenzari
Cheibriados
Dithmenos
Elyvilon
Fedhas
Gozag
Hepliaklqana
Makhleb
Nemelex Xobeh
Okawaru
Qazlal
Ru
Sif Muna
Trog
Uskayaw
Vehumet
Wu Jian
Xom
Yredelemnul
Zin
The Shining One

Shops:
D:2 (


Innate Abilities, Weirdness & Mutations

You are immune to sickness and miasma.
Your stone body is resilient. (AC +6)
You are immune to poison.
You resist negative energy. (rN+)
You are resistant to electric shocks. (rElec)
You are resistant to unholy torment.
You are immune to petrification.
You are somewhat resistant to further mutation.
Your spells are a little harder to cast, but a little more powerful.


Message History

The orc knight hits you but does no damage.
You closely miss the orc knight. The orc knight barely misses you.
You slash the orc knight!
Your weapon exudes an aura of protection.
The orc knight is lightly wounded.
The orc knight hits you but does no damage.
You barely miss the orc knight.
The orc knight is lightly wounded.
The orc knight hits you with a +0 bardiche.
The orc warrior shouts!
You slash the orc knight!
The orc knight is moderately wounded.
The orc knight hits you with a +0 bardiche.
You barely miss the orc knight.
The orc knight is moderately wounded.
The orc knight barely misses you.
You closely miss the orc knight.
The orc knight is moderately wounded.
The orc knight hits you with a +0 bardiche!
The orc knight roars a battlecry!
The orc warrior goes into a battle-frenzy!
You hit the orc knight.
The orc knight is moderately wounded.
You block the orc warrior's attack.
The orc knight hits you with a +0 bardiche!
You feel much better.
The orc warrior hits you but does no damage.
The orc knight hits you but does no damage.
You feel very mighty all of a sudden. You block the orc warrior's attack.
The orc knight hits you with a +0 bardiche!
You slash the orc knight!
The orc knight is heavily wounded.
The orc warrior hits you from afar with a +0 trident!
You block the orc knight's attack.
You barely miss the orc knight.
The orc knight is heavily wounded.
The orc warrior barely misses you.
The orc knight hits you with a +0 bardiche!!
You die...

##.....##
#.......#
#.......#
#.o#.#..#
#..#8#..#
#.......#
##..o).##
###o###
#@).#
#...#
#...#
#[))#
###'###
##..)).##
#.......#
#.......#
#.......#


You could see an orc knight and an orc warrior (strong).

Vanquished Creatures
  Sigmund (D:2)
  2 water moccasins
  2 sky beasts
  Duvessa (D:6)
  A black bear (D:5)
  An ice beast (D:7)
  5 orc warriors (Bailey)
  A kobold brigand (D:7)
  3 bullfrogs
  3 scorpions
  4 wights (D:7)
  Dowan (D:6)
  3 howler monkeys
  5 hounds
  A jelly (D:4)
  3 iguanas
  4 orc wizards
  10 adders
  A white imp (D:6)
  2 ufetubi (D:5)
  A worm (D:2)
  A dart slug (D:4)
  31 orcs
  6 ball pythons
  7 bats
  7 endoplasms
  11 giant cockroaches
  11 goblins
  5 hobgoblins
  2 jackals (D:1)
  7 quokkas
  12 frilled lizards
  13 kobolds
  A rat (D:1)
169 creatures vanquished.

Vanquished Creatures (others)
  2 plants (D:1)
2 creatures vanquished.

Grand Total: 171 creatures vanquished

Notes
Turn   | Place    | Note
-------+----------+-------------------------------------------
     0 | D:1      | bande the Gargoyle Fighter began the quest for the Orb.
     0 | D:1      | Reached XP level 1. HP: 14/14 MP: 1/1
   143 | D:1      | Reached skill level 2 in Axes
   150 | D:1      | Reached XP level 2. HP: 16/19 MP: 2/2
   200 | D:1      | Found a faded altar of an unknown god.
  1047 | D:2      | Reached XP level 3. HP: 17/23 MP: 3/3
  1130 | D:2      | Found Xaopicw's Antique Weapon Boutique.
  1429 | D:2      | Reached XP level 4. HP: 26/28 MP: 4/4
  1555 | D:2      | Noticed Sigmund
  1573 | D:2      | Killed Sigmund
  1574 | D:2      | Reached skill level 3 in Axes
  1574 | D:2      | Reached XP level 5. HP: 32/33 MP: 5/5
  2283 | D:3      | Found an ornate altar of the Wu Jian Council.
  2286 | D:3      | Found an opulent altar of Gozag.
  2297 | D:3      | Found a sacrificial altar of Ru.
  2348 | D:3      | Reached XP level 6. HP: 38/38 MP: 6/6
  2348 | D:3      | Found a glowing drain.
  2359 | Sewer    | Entered a sewer
  2411 | Sewer    | Reached skill level 4 in Axes
  2865 | Sewer    | Reached skill level 1 in Evocations
  3234 | D:3      | Found a sparkling altar of Nemelex Xobeh.
  3522 | D:4      | Reached skill level 5 in Armour
  3522 | D:4      | Reached XP level 7. HP: 34/43 MP: 7/7
  3597 | D:4      | Found a hazy altar of Hepliaklqana.
  3715 | D:4      | Found a stormy altar of Qazlal.
  3920 | D:4      | Identified the +5 mace of True Grit {vorpal, rN+ Int+7}
  4274 | D:5      | Entered Level 5 of the Dungeon
  4284 | D:5      | Gained mutation: Your spells are a little harder to cast,
                  | but a little more powerful. [potion of mutation]
  4284 | D:5      | Gained mutation: You are somewhat resistant to further
                  | mutation. [potion of mutation]
  4358 | D:5      | Reached skill level 5 in Axes
  4822 | D:5      | Reached XP level 8. HP: 39/48 MP: 8/8
  4985 | D:5      | Reached skill level 5 in Shields
  5143 | D:6      | Reached skill level 6 in Axes
  5248 | D:6      | Found a staircase to the Ecumenical Temple.
  5258 | Temple   | Entered the Ecumenical Temple
  5316 | Temple   | Became a worshipper of Warmaster Okawaru
  5402 | D:6      | Noticed Duvessa
  5413 | D:6      | Killed Duvessa
  5413 | D:6      | Noticed Dowan
  5414 | D:6      | Reached skill level 5 in Fighting
  5414 | D:6      | Reached skill level 1 in Invocations
  5425 | D:6      | Killed Dowan
  5830 | D:6      | Reached * piety under Okawaru
  6068 | D:6      | Found a shadowy altar of Dithmenos.
  6577 | D:7      | Reached XP level 9. HP: 36/54 MP: 10/10
  6586 | D:7      | HP: 1/54 [wight/+3 flail of freezing (5)]
  6593 | D:7      | Reached skill level 7 in Axes
  6860 | D:7      | Reached ** piety under Okawaru
  7013 | D:7      | Found a flagged portal.
  7021 | Bailey   | Entered a bailey
  7588 | Bailey   | Noticed an orc knight
  8058 | Bailey   | Slain by an orc knight

Illustrated notes

Levels and vault maps discovered:
D:1:      tarquinn_simple_flora_water_b, layout_basic,
          shapermc_ecumenical_altar_mp_ritualfount, minmay_distorted
D:2:      layout_rooms, serial_shops, nicolae_shop_crystal, uniq_sigmund
D:3:      layout_rooms, nemelex_dance_club_becter,
          grunt_temple_overflow_diamond, portal_sewer_entry_d
D:4:      layout_gridville, nzn_hepliaklqana_mist_gate,
          nicolae_qazlal_scattered_showers
D:5:      layout_basic
D:6:      layout_loops_ring, marbit_many_paths, temple_fountains, uniq_duvessa
D:7:      layout_basic, kennysheep_mini, enter_bailey_2
Temple:   eino_temple_water
Bailey:   bailey_polearm_5, bailey

Skill      XL: |  1  2  3  4  5  6  7  8  9 |
---------------+----------------------------+-----
Axes           | 2 3 4 5 6 7 |  7.7
Armour         | 4 5 6 |  6.6
Shields        | 4 5 |  5.6
Fighting       | 4 5 |  5.8
Evocations     | 1 2 3 4 |  4.2
Invocations    | 1 3 |  3.3

Action                   |  1- 3 |  4- 6 |  7- 9 || total
-------------------------+-------+-------+-------++-------
Melee: War axe           |   109 |   227 |   358 ||   694
  Use: Scroll            |     6 |     5 |     5 ||    16
       Potion            |       |       |     5 ||     5
Armor: Scale mail        |    78 |   165 |   222 ||   465
       Chain mail        |       |       |    22 ||    22
       Plate armour      |       |       |    10 ||    10
Dodge: Dodged            |    72 |   121 |   158 ||   351
Block: Buckler           |    28 |    56 |   104 ||   188

Table legend: (Time is in decaauts)
 A = Elapsed time spent in this place.
 B = Non-inter-level travel time spent in this place.
 C = Inter-level travel time spent in this place.
 D = Time resting spent in this place.
 E = Time spent auto-exploring this place.
 F = Levels seen in this place.
 G = Mean time per level.
                   A        B        C        D        E       F      G
               +--------+--------+--------+--------+--------+-----+--------+
         Total |   8366 |   8253 |    113 |   1164 |   5096 |  10 |  836.6 |
       Dungeon |   6359 |   6262 |     97 |    489 |   4519 |   7 |  908.4 |
        Temple |     81 |     65 |     16 |      0 |     42 |   1 |   81.0 |
         Sewer |    877 |    877 |      0 |      0 |    531 |   1 |  877.0 |
        Bailey |   1048 |   1048 |      0 |    675 |      4 |   1 | 1048.0 |
               +--------+--------+--------+--------+--------+-----+--------+

Top non-repeatable levels by time:
     D:6: 1122 daAuts
     D:1: 1052 daAuts
  Bailey: 1048 daAuts
     D:2: 902 daAuts
     D:5: 883 daAuts
   Sewer: 877 daAuts
     D:4: 853 daAuts
     D:3: 829 daAuts
     D:7: 716 daAuts
  Temple: 81 daAuts
